 Dungeon Crawl Stone Soup version 0.28.0-43-g3370ac3207 (webtiles) character file.

Game seed: 3477770798164008598

151 cbfl8 the Sneak (level 5, -16/46 HPs)
             Began as a Minotaur Delver on Feb 28, 2022.
             Demolished by an ogre
             ... wielding a +0 giant spiked club
              (25 damage)
             ... on level 4 of the Dungeon.
             The game lasted 00:01:11 (858 turns).

cbfl8 the Sneak (Minotaur Delver)                    Turns: 858, Time: 00:01:13

Health: -16/46     AC:  3    Str: 19    XL:     5   Next: 10%
Magic:  4/4        EV: 12    Int:  7    God:
Gold:   17         SH:  0    Dex: 11    Spells: 4/4 levels left

rFire   . . .      SeeInvis .   a - +0 hand axe
rCold   . . .      Faith    .   (no shield)
rNeg    . . .      Spirit   .   b - +0 leather armour
rPois   .          Reflect  .   (helmet restricted)
rElec   .          Harm     .   (no cloak)
rCorr   .          Rampage  .   (no gloves)
Will    .....                   (no boots)
Stlth   +++.......              (no amulet)
HPRegen 0.15/turn               (no ring)
MPRegen 0.09/turn               (no ring)

@: no status effects
A: horns 2, retaliatory headbutt
a: no special abilities


You were on level 4 of the Dungeon.
You visited 1 branch of the dungeon, and saw 2 of its levels.

You collected 17 gold pieces.

Inventory:

Hand Weapons
 a - a +0 hand axe (weapon)
Armour
 b - a +0 leather armour (worn)
Wands
 g - a wand of digging (3)
Scrolls
 c - a scroll of fog
 d - a scroll of teleportation {unknown}
 e - a scroll of fear
Potions
 f - a potion of haste
 h - a potion of degeneration {unknown}


   Skills:
 + Level 4.1 Fighting
 + Level 3.2 Axes
 + Level 1.8 Armour
 + Level 2.6 Dodging
 + Level 5.3 Stealth


You had 4 spell levels left.
You didn't know any spells.
Your spell library was empty.

Dungeon Overview and Level Annotations

Branches:
Dungeon (5/15)
 Temple: D:4-7

Altars:


Innate Abilities, Weirdness & Mutations

You have a pair of horns on your head.
You reflexively headbutt those who attack you in melee.


Message History

You hit the iguana. You headbutt the iguana!
You kill the iguana!
You have reached level 5!
A gnoll and 2 jackals come into view.
There is an open door here.
The gnoll shouts!
The jackal bites you. The jackal barely misses you. You furiously retaliate!
You headbutt the jackal!
You kill the jackal!
A phantom comes into view.
An ogre comes into view. It is wielding a +0 giant spiked club.
The jackal bites you but does no damage.
The ogre shouts!
You hear a shout!
You closely miss the jackal. Your headbutt misses the jackal.
The jackal misses you. The jackal barely misses you.
You hit the jackal but do no damage. You hit the gnoll.
The jackal closely misses you. The gnoll closely misses you.
You furiously retaliate!
You headbutt the gnoll, but do no damage.
The jackal closely misses you.
You hit the jackal. You headbutt the jackal.
You kill the jackal!
You hit the gnoll. The gnoll hits you with a +0 whip!
The gnoll hits you with a +0 whip.
You see here a jackal corpse.
The gnoll hits you with a +0 whip. The phantom hits you.
The phantom blinks!
You blink.
A jackal comes into view.
The ogre closely misses you. You furiously retaliate!
You headbutt the ogre. You barely miss the ogre. You headbutt the ogre.
The ogre is moderately wounded.
You hit the phantom. The phantom hits you. The ogre closely misses you.
You closely miss the ogre. You headbutt the ogre.
The ogre is heavily wounded.
You closely miss the phantom. You closely miss the gnoll.
The gnoll barely misses you. The phantom hits you.
* * * LOW HITPOINT WARNING * * *
The ogre hits you with a +0 giant spiked club!!
Ouch! That really hurt!
You die...

''#############. #≈≈...
..............#.g #≈≈...
..≈≈≈≈≈≈≈≈≈≈≈≈#####≈≈...
..≈≈≈≈≈≈≈≈≈≈≈≈≈≈≈≈≈≈≈...
..≈≈≈≈≈≈≈≈≈≈≈≈≈≈≈≈≈≈≈...
...h...............P....
........................
.......W## #####...##
.......@.##########...#
.......Og#........#...##
.........#........#.....
.......#†'..............
###.####.#..............
#. #.########....... .
#.# ###..... # #.#
....... #.# ...###..


You could see a phantom, an ogre, a gnoll and a jackal.

Vanquished Creatures
  A necrophage (D:4)
  A centaur skeleton (D:4)
  An iguana (D:4)
  A worm (D:4)
  An orc (D:4)
  2 endoplasms (D:4)
  A goblin (D:4)
  3 hobgoblins (D:4)
  2 jackals (D:4)
  A quokka (D:4)
14 creatures vanquished.

Notes
Turn   | Place    | Note
-------+----------+-------------------------------------------
     0 | D:5      | cbfl8 the Minotaur Delver began the quest for the Orb.
     0 | D:5      | Reached XP level 1. HP: 19/19 MP: 0/0
   301 | D:4      | Reached XP level 2. HP: 14/27 MP: 1/1
   301 | D:4      | Reached XP level 3. HP: 17/33 MP: 2/2
   655 | D:4      | Noticed a necrophage
   675 | D:4      | Killed a necrophage
   676 | D:4      | Reached skill level 1 in Armour
   676 | D:4      | Reached skill level 5 in Stealth
   676 | D:4      | Reached XP level 4. HP: 21/40 MP: 3/3
   842 | D:4      | Reached XP level 5. HP: 39/46 MP: 4/4
   848 | D:4      | Noticed a phantom
   848 | D:4      | Noticed an ogre
   858 | D:4      | Demolished by an ogre

Illustrated notes

Levels and vault maps discovered:
D:4:      lemuel_castle_with_subvaults [lemuel_castle_interior_original],
          layout_basic
D:5:      layout_basic, enter_ossuary_1

Skill      XL: |  1  2  3 |
---------------+----------+-----
Fighting       | 4 |  4.1
Axes           | 3 |  3.2
Armour         | 1 |  1.8
Stealth        | 5 |  5.3
Dodging        | |  2.6

Action                   |  1- 3 |  4- 6 || total
-------------------------+-------+-------++-------
Melee: Hand axe          |    37 |     9 ||    46
       Headbutt          |    11 |     5 ||    16
  Use: Scroll            |     1 |       ||     1
 Stab: Sleeping          |     1 |       ||     1
Armor: Leather armour    |    13 |     1 ||    14
Dodge: Dodged            |    21 |    11 ||    32
